 Dungeon Crawl Stone Soup version 0.24.0-13-gcf9b319 (webtiles) character file.

Game seed: 6364044487720466109, levelgen mode: deterministic

206 Arctor the Conjurer (level 5, -10/28 HPs)
             Began as a Gargoyle Wizard on Apr 17, 2020.
             Killed by divine providence
             ... invoked by an orc priest
              (12 damage)
             ... on level 3 of the Dungeon.
             The game lasted 00:08:14 (2652 turns).

Arctor the Conjurer (Gargoyle Wizard)               Turns: 2652, Time: 00:08:15

Health: -10/28     AC:  6    Str: 12    XL:     5   Next: 84%
Magic:  3/9        EV: 12    Int: 20    God:
Gold:   97         SH:  0    Dex:  8    Spells: 3/10 levels left

rFire    + . .     SeeInvis .   e - +0 flail
rCold    . . .     Gourm    .   (no shield)
rNeg     + . .     Faith    .   a - +0 robe
rPois    ∞         Spirit   .   b - +0 hat
rElec    +         Reflect  .   (no cloak)
rCorr    .         Harm     .   (no gloves)
MR       .....                  (no boots)
Stlth    ++........             (no amulet)
HPRegen  0.00/turn              f - ring of protection from fire
MPRegen  0.11/turn              (no ring)

@: no status effects
A: mutation resistance 1, negative energy resistance 1, sense surroundings 1,
electricity resistance, inhibited regeneration, strong 1, unbreathing,
petrification resistance, rot immunity, AC +4
a: no special abilities


You were on level 3 of the Dungeon.
You were not hungry.

You visited 1 branch of the dungeon, and saw 3 of its levels.

You collected 97 gold pieces.

Inventory:

Hand Weapons
 e - a +0 flail (weapon)
 k - a +0 whip
Missiles
 m - 2 silver boomerangs (quivered)
Armour
 a - a +0 robe (worn)
 b - a +0 hat (worn)
Jewellery
 f - a ring of protection from fire (left hand)
Wands
 l - a wand of acid (10)
Scrolls
 c - 4 scrolls of teleportation
 i - a scroll of fog
Comestibles
 d - 8 rations


   Skills:
 - Level 0.2 Fighting
 - Level 1.5 Dodging
 - Level 2.1 Stealth
 - Level 1.8 Unarmed Combat
 - Level 3.0 Spellcasting
 + Level 5.6 Conjurations
   Level 0.8 Summonings
   Level 0.8 Translocations


You had 3 spell levels left.
You knew the following spells:

 Your Spells              Type           Power        Failure   Level  Hunger
a - Magic Dart            Conj           ####         1%          1    None
b - Conjure Flame         Conj/Fire      ##......     14%         3    ###....
c - Mephitic Cloud        Conj/Pois/Air  ##......     21%         3    ###....

Your spell library contained the following spells:

 Spells                   Type           Power        Failure   Level  Hunger
 Blink                    Tloc           N/A          16%         2    ##.....
 Call Imp                 Summ           #.......     16%         2    ##.....
 Slow                     Hex            #.......     22%         2    ##.....


Dungeon Overview and Level Annotations

Branches:
Dungeon (3/15)

Altars:
Ashenzari


Innate Abilities, Weirdness & Mutations

You are resistant to torment.
Your stone body is resilient. (AC +4)
You are immune to poison.
You resist negative energy. (rN+)
You are resistant to electric shocks. (rElec)
You can survive without breathing.
You are immune to petrification.
You are immune to rotting.
You are somewhat resistant to further mutation.
You passively map a small area around you.
You do not regenerate when monsters are visible.
Your muscles are strong. (Str +2)


Message History

The stinking cloud engulfs the adder but does no damage.
The stinking cloud engulfs you but does no damage.
The stinking cloud engulfs the giant cockroach but does no damage.
The adder is engulfed in noxious fumes.
The adder appears confused.
The giant cockroach is engulfed in noxious fumes.
The giant cockroach appears confused.
The adder is engulfed in noxious fumes.
The adder appears confused.
The adder barely misses the giant cockroach.
The giant cockroach is engulfed in noxious fumes.
The giant cockroach appears confused.
The giant cockroach wildly waves its antennae.
The adder is engulfed in noxious fumes.
The adder appears confused.
The giant cockroach is engulfed in noxious fumes.
The giant cockroach appears confused.
The giant cockroach barely misses the orc priest.
The giant cockroach is engulfed in noxious fumes.
The giant cockroach appears confused.
The orc priest calls down the wrath of Beogh upon you.
Beogh smites you!
You die...

#......#†###...#^######
#......#.# #####.#
########......#.# #.#
...............># #.# *
.............##.# #.#
############.##.# #.#
#..#.# #.# ##.#.# ,
#.#@# ## #.#.#, ...
#.#.# ,.... #.°s# .....
* ##.○#.o.... #°)o# ,
#S))#, #...... ,
#...#.... ,


You could see an orc priest, an adder (confused) and a giant cockroach
(confused).

Vanquished Creatures
  2 orc priests (D:3)
  3 orc wizards (D:3)
  2 adders (D:3)
  A worm (D:3)
  A dart slug (D:2)
  2 leopard geckos
  10 orcs (D:3)
  7 bats
  3 giant cockroaches
  5 goblins
  5 hobgoblins
  A ball python (D:2)
  3 frilled lizards
  6 rats
51 creatures vanquished.

Notes
Turn   | Place    | Note
-------+----------+-------------------------------------------
     0 | D:1      | Arctor the Gargoyle Wizard began the quest for the Orb.
     0 | D:1      | Reached XP level 1. HP: 10/10 MP: 4/4
   171 | D:1      | Reached skill level 1 in Unarmed Combat
   171 | D:1      | Reached XP level 2. HP: 13/15 MP: 3/6
   719 | D:2      | Found a shattered altar of Ashenzari.
  1011 | D:2      | Reached skill level 2 in Conjurations
  1011 | D:2      | Reached XP level 3. HP: 19/19 MP: 1/7
  1016 | D:2      | Learned a level 3 spell: Mephitic Cloud
  1020 | D:2      | Learned a level 3 spell: Conjure Flame
  2063 | D:3      | Reached skill level 3 in Conjurations
  2063 | D:3      | Reached XP level 4. HP: 12/24 MP: 1/8
  2121 | D:3      | Gained mutation: You passively map a small area around you.
                  | [potion of mutation]
  2121 | D:3      | Gained mutation: Your spells are a little harder to cast,
                  | but a little more powerful. [potion of mutation]
  2121 | D:3      | Gained mutation: You do not regenerate when monsters are
                  | visible. [potion of mutation]
  2121 | D:3      | Gained mutation: You have a pair of small horns on your
                  | head. [potion of mutation]
  2122 | D:3      | Lost mutation: You have a pair of small horns on your head.
                  | [potion of mutation]
  2122 | D:3      | Lost mutation: Your spells are a little harder to cast, but
                  | a little more powerful. [potion of mutation]
  2122 | D:3      | Gained mutation: Your muscles are strong. (Str +2) [potion
                  | of mutation]
  2122 | D:3      | Gained mutation: You expend magic power (3 MP) to
                  | strengthen your wands. [potion of mutation]
  2122 | D:3      | Lost mutation: You expend magic power (3 MP) to strengthen
                  | your wands. [potion of mutation]
  2122 | D:3      | Gained mutation: You are somewhat resistant to further
                  | mutation. [potion of mutation]
  2207 | D:3      | Reached skill level 4 in Conjurations
  2322 | D:3      | Reached XP level 5. HP: 8/28 MP: 1/9
  2563 | D:3      | Reached skill level 5 in Conjurations
  2652 | D:3      | Killed from afar by an orc priest

Levels and vault maps discovered:
D:1:      tarquinn_simple_flora_water_d, layout_loops_ring,
          chequers_serial_rivers_micro_c
D:2:      layout_basic, evilmike_ruin_ashenzari
D:3:      layout_basic, nicolae_overflow_hidden_temple

Skill      XL: |  1  2  3  4  5 |
---------------+----------------+-----
Unarmed Combat | 1 |  1.8
Conjurations   | 2 3 4 5 |  5.6
Fighting       | |  0.2
Dodging        | |  1.5
Stealth        | |  2.1
Spellcasting   | |  3.0
Summonings     | |  0.8
Translocations | |  0.8

Action                   |  1- 3 |  4- 6 || total
-------------------------+-------+-------++-------
Melee: Unarmed           |    57 |       ||    57
       Whip              |    27 |    59 ||    86
       Flail             |       |    47 ||    47
       Punch             |       |     1 ||     1
Throw: Boomerang         |       |     1 ||     1
 Cast: Magic Dart        |    75 |     7 ||    82
       Mephitic Cloud    |     1 |     7 ||     8
  Use: Scroll            |     5 |       ||     5
       Potion            |       |     6 ||     6
 Stab: Sleeping          |     2 |       ||     2
  Eat: Chunk             |     1 |     2 ||     3
       Ration            |     1 |       ||     1
Armor: Robe              |    42 |    30 ||    72
       Skin              |       |    10 ||    10
Dodge: Dodged            |    94 |    69 ||   163
